 Dungeon Crawl Stone Soup version 0.19-a0-1058-g5566a1a (webtiles) character file.

191 Jmtri7 the Nimble (level 5, -4/38 HPs)
             Began as a Merfolk Gladiator on Aug 2, 2016.
             Was a Follower of Dithmenos.
             Slain by a gnoll
             ... wielding a cursed -3 spear
              (8 damage)
             ... on level 3 of the Dungeon.
             The game lasted 00:07:47 (3146 turns).

Jmtri7 the Nimble (Merfolk Gladiator)               Turns: 3146, Time: 00:07:48

Health: -4/38      AC:  4    Str: 15    XL:     5   Next: 70%
Magic:  5/5        EV: 17    Int:  8    God:    Dithmenos [*.....]
Gold:   182        SH:  0    Dex: 15    Spells: 0 memorised, 4 levels left

rFire  . . .     SeeInvis +     a - +0 rapier
rCold  . . .     Gourm    .     b - +0 leather armour
rNeg   . . .     Faith    .     (no shield)
rPois  .         Spirit   .     c - +0 helmet
rElec  .         Dismiss  .     (no cloak)
rCorr  .         Reflect  .     (no gloves)
SustAt .         Harm     .     (no boots)
MR     .....                    (no amulet)
Stlth  +.........               (no ring)
                                m - ring of see invisible

@: wreathed by umbra, not resistant to hostile enchantments, very unstealthy
A: change form in water, swift swim
a: Renounce Religion


You were on level 3 of the Dungeon.
You worshipped Dithmenos.
Dithmenos was aware of your devotion.
You were not hungry.

You visited 1 branch of the dungeon, and saw 4 of its levels.

You collected 182 gold pieces.

Inventory:

Hand Weapons
 a - a +0 rapier (weapon)
Missiles
 d - 3 throwing nets (quivered)
Armour
 b - a +0 leather armour (worn)
 c - a +0 helmet (worn)
Jewellery
 m - a ring of see invisible (left hand)
Scrolls
 e - 3 scrolls of immolation {unknown}
 j - 3 scrolls of identify {unknown}
 p - 2 scrolls of teleportation {unknown}
 q - a scroll of remove curse {unknown}
 r - 2 scrolls of amnesia {unknown}
 u - 3 scrolls of noise {unknown}
 x - a scroll of magic mapping {unknown}
Potions
 g - a potion of magic {unknown}
 h - a potion of haste {unknown}
 k - a potion of brilliance {unknown}
 l - 2 potions of degeneration {unknown}
 o - a potion of agility {unknown}
 s - a potion of might {unknown}
 v - 3 potions of heal wounds {unknown}
 z - a potion of lignification {unknown}
 B - a potion of curing {unknown}
Books
 i - a book of Battle

   Spells                             Type                      Level
   a - Infusion                       Charms                       1
   b - Shroud of Golubria             Charms/Translocation         2
   c - Song of Slaying                Charms                       2
   d - Spectral Weapon                Hexes/Charms                 3
   e - Regeneration                   Charms/Necromancy            3
Comestibles
 f - a bread ration
 n - a beef jerky
 t - 2 meat rations
 w - 4 fruits


   Skills:
 - Level 2.1 Fighting
 - Level 3.6 Short Blades
 - Level 2.0 Throwing
 + Level 8.2 Dodging


You had 4 spell levels left.
You didn't know any spells.

Dungeon Overview and Level Annotations

Branches:
Dungeon (4/15)
 Temple: D:4-7

Altars:
Ashenzari
Dithmenos
Gozag
Kikubaaqudgha
Nemelex Xobeh
Trog
Zin


Message History

The gnoll is severely wounded.
The giant cockroach barely misses you. The gnoll closely misses you.
You hit the gnoll but do no damage.
The gnoll is severely wounded.
The giant cockroach misses you. The gnoll hits you with a spear.
The giant cockroach bites you but does no damage.
You hit the gnoll but do no damage.
The gnoll is severely wounded.
The gnoll hits you with a spear!
* * * LOW HITPOINT WARNING * * *
The giant cockroach misses you.
You hit the gnoll.
The gnoll is severely wounded.
The gnoll hits you with a spear.
* * * LOW HITPOINT WARNING * * *
The giant cockroach closely misses you.
You hit the gnoll.
The gnoll is almost dead.
The gnoll hits you with a spear!
You die...

......# #.#.#...#
#.#
......#####.#.#...#
#.#
............#.#...#
#.#####
.......####.#.....#
#.....# ......<#
#####..## #####.#
######.#
#..############.#
#.#
#.............#.###
#)#
##g##########.#...#
#.####### #@#
#.#.### #.......#
#s# #.#.# #######.#
#g# #.#.### #.# #.#
#.#...# #.# #.#
#.##.## #.###.#
#.##.# #.....#
#....# #######
#....# #.##.#


You could see 2 gnolls and a giant cockroach.

Vanquished Creatures
  A worker ant (D:3)
  7 adders
  A worm (D:2)
  3 dart slugs (D:1)
  7 giant geckos
  4 orcs (D:3)
  9 bats
  12 giant cockroaches
  10 goblins
  4 hobgoblins
  5 jackals
  10 kobolds
  A quokka (D:2)
  3 giant newts
  3 rats
80 creatures vanquished.

Notes
Turn   | Place    | Note
-------+----------+-------------------------------------------
     0 | D:1      | Jmtri7 the Merfolk Gladiator began the quest for the Orb.
     0 | D:1      | Reached XP level 1. HP: 16/16 MP: 1/1
    80 | D:1      | Reached XP level 2. HP: 22/22 MP: 2/2
   157 | D:1      | Reached skill level 5 in Dodging
   393 | D:1      | Reached XP level 3. HP: 24/27 MP: 3/3
   771 | D:2      | Reached skill level 6 in Dodging
   776 | D:2      | Found an ancient bone altar of Kikubaaqudgha.
   838 | D:2      | Reached XP level 4. HP: 28/33 MP: 4/4
   854 | D:2      | Found a glowing silver altar of Zin.
   857 | D:2      | Found an opulent altar of Gozag.
   860 | D:2      | Found a shattered altar of Ashenzari.
  1457 | D:2      | Found a shadowy altar of Dithmenos.
  1475 | D:2      | Became a worshipper of Dithmenos the Shadowed
  1491 | D:2      | Found a bloodstained altar of Trog.
  1915 | D:3      | Reached skill level 7 in Dodging
  2034 | D:3      | Reached XP level 5. HP: 38/38 MP: 5/5
  2324 | D:3      | Found a sparkling altar of Nemelex Xobeh.
  2759 | D:3      | Reached * piety under Dithmenos
  2897 | D:3      | Reached skill level 8 in Dodging
  3146 | D:3      | Slain by a gnoll

Vault maps used:
D:1:      elethiomel_arrival_infinity_welcomes_careful_drivers
D:2:      lemuel_round_altar, grunt_temple_overflow_diamond,
          grunt_temple_overflow_open
D:3:      lemuel_round_altar, gup_sewer_entry_pipe
D:4:      grunt_ministairs_9, uniq_edmund

Skill      XL: |  1  2  3  4  5 |
---------------+----------------+-----
Dodging        | 5 6 7 8 |  8.2
Fighting       | |  2.1
Short Blades   | |  3.6
Throwing       | |  2.0

Action                   |  1- 3 |  4- 6 || total
-------------------------+-------+-------++-------
Melee: Rapier            |    94 |   186 ||   280
  Eat: Chunk             |       |     7 ||     7
Armor: Leather armour    |    24 |    35 ||    59
Dodge: Dodged            |    83 |   152 ||   235
